 Dungeon Crawl Stone Soup version 0.13-a0-2739-gace2dc1 (console) character file.

202 Kellhus the Ruinous (level 4, -1/22 HPs)
             Began as a Gargoyle Wizard on Aug 21, 2013.
             Killed from afar by Sigmund (11 damage)
             ... with a puff of flame
             ... on Level 2 of the Dungeon.
             The game lasted 00:02:03 (2105 turns).

Kellhus the Ruinous (Gargoyle Wizard)               Turns: 2105, Time: 00:02:03

HP  -1/22        AC  5     Str 10      XL: 4   Next:  8%
MP   6/11        EV 11     Int 20      God:
Gold 140         SH  0     Dex  8      Spells:  1 memorised,  8 levels left

Res.Fire  : . . .   See Invis. : .   (no weapon)
Res.Cold  : . . .   Warding    : .   a - +0 robe
Life Prot.: + . .   Conserve   : .   (no shield)
Res.Poison: +       Res.Corr.  : .   b - +0 wizard hat
Res.Elec. : +       Clarity    : .   (no cloak)
Sust.Abil.: + .     Spirit.Shd : .   (no gloves)
Res.Mut.  : .       Stasis     : .   (no boots)
Res.Rott. : +       Flight     : .   (no amulet)
Saprovore : . . .                    (no ring)
                                     p - ring of sustain abilities {unknown}

@: very slightly contaminated, slightly resistant to hostile enchantments,
unstealthy
A: fangs 1, talons 2, life protection 1, electricity resistance, slow metabolism
1, unbreathing, petrification resistance, AC +3
a: no special abilities


You were on level 2 of the Dungeon.
You were hungry.

You visited 1 branch of the dungeon, and saw 2 of its levels.

You collected 120 gold pieces.

Inventory:

Armour
 a - a +0 robe (worn)
 b - a +0 wizard hat (worn)
Comestibles
 d - 2 bread rations
 l - 3 meat rations
 m - a rotting chunk of hobgoblin flesh
 o - a slice of pizza
 r - a choko
Scrolls
 f - 3 scrolls of identify {unknown}
 g - 3 scrolls of amnesia {unknown}
 j - 2 scrolls of teleportation {unknown}
 n - 2 scrolls of remove curse {unknown}
 s - a scroll of enchant armour {unknown}
Jewellery
 p - a ring of sustain abilities (left hand) {unknown}
Potions
 h - a potion of heal wounds {unknown}
 i - 4 potions of curing {unknown}
 k - a potion of invisibility {unknown}
 q - a potion of cure mutation {unknown}
Books
 c - a book of Minor Magic

   Spells                             Type                      Level
   *Magic Dart                        Conjuration                  1
   Blink                              Translocation                2
   Call Imp                           Summoning                    2
   Repel Missiles                     Charms/Air                   2
   Slow                               Hexes                        2
   Conjure Flame                      Conjuration/Fire             3
   Mephitic Cloud                     Conjuration/Poison/Air       3


   Skills:
 - Level 1.5 Dodging
 - Level 2.1 Stealth
 - Level 3.0 Spellcasting
 + Level 4.1 Conjurations
   Level 0.8 Summonings
   Level 0.8 Translocations


You had 8 spell levels left.
You knew the following spells:

 Your Spells              Type           Power        Failure   Level  Hunger
a - Magic Dart            Conj           ###.         2%          1    None


Dungeon Overview and Level Annotations

Branches:
Dungeon (2/27)

Altars:

Annotations
D:2 Sigmund


Innate Abilities, Weirdness & Mutations

You are resistant to torment.
You are immune to poison.
Your stone body is very resilient (AC +3).
You have very sharp teeth.
You have razor-sharp toenails.
You resist negative energy.
You are resistant to electric shocks.
You have a slow metabolism.
You can survive without breathing.
You are immune to petrification.


Message History

Casting: Magic Dart
Confirm with . or Enter, or press ? or * to list all spells.
Aiming: Magic Dart
Press: ? - help, Shift-Dir - straight line, f/p - Sigmund
Aim: Sigmund, wielding a scythe and wearing a robe (lightly wounded)
The magic dart hits Sigmund.
Sigmund is lightly wounded.
Sigmund points at you and mumbles some strange words.
The magic dart hits you!
Casting: Magic Dart
Confirm with . or Enter, or press ? or * to list all spells.
Aiming: Magic Dart
Press: ? - help, Shift-Dir - straight line, f/p - Sigmund
Aim: Sigmund, wielding a scythe and wearing a robe (lightly wounded)
The magic dart hits Sigmund.
Sigmund is lightly wounded.
Sigmund casts a spell at you. The puff of flame hits you!
Ouch! That really hurt!
You die...

##.#........##.###.##
[.#.........#.#...#.#
>.#.........#.#.>.#.#
..#...).......#...#.#
##..........##.###..##
............ ##......#
###.####### ##.....# #
#.# #.#...# #.#
#@##### #.# #.# #.#
#.# #...%.@.#
....##### ##


You could see Sigmund.

Vanquished Creatures
  An adder (D:2)
  2 worms (D:2)
  2 oozes (D:1)
  5 bats
  5 goblins (D:2)
  7 hobgoblins
  5 jackals (D:1)
  A giant cockroach (D:1)
  A giant newt (D:1)
  3 kobolds
  7 rats
39 creatures vanquished.

Notes
Turn   | Place    | Note
--------------------------------------------------------------
     0 | D:1      | Kellhus, the Gargoyle Wizard, began the quest for the Orb.
     0 | D:1      | Reached XP level 1. HP: 8/8 MP: 5/5
   254 | D:1      | Reached XP level 2. HP: 13/13 MP: 2/7
  1040 | D:1      | Reached XP level 3. HP: 17/17 MP: 6/9
  1816 | D:2      | Reached skill level 4 in Conjurations
  1920 | D:2      | Reached XP level 4. HP: 22/22 MP: 7/11
  2099 | D:2      | Noticed Sigmund
  2105 | D:2      | Killed from afar by Sigmund

Action                   |  1- 3 |  4- 6 || total
-------------------------+-------+-------++-------
Melee: Unarmed           |     8 |       ||     8
 Cast: Magic Dart        |   110 |    11 ||   121
